 Dungeon Crawl Stone Soup version 0.31-a0-986-g5e6e4ef867 (webtiles) character file.

Game seed: 16144909446941978043

4 GloriousHammer the Chopper (level 1, 0/19 HPs)
             Began as a Hill Orc Monk on Nov 5, 2023.
             Frozen to death by an endoplasm (5 damage)
             ... on level 1 of the Dungeon.
             The game lasted 00:00:26 (132 turns).

GloriousHammer the Chopper (Hill Orc Monk)           Turns: 132, Time: 00:00:27

Health: 0/19       AC:  2    Str: 13    XL:     1   Next: 60%
Magic:  1/1        EV: 12    Int: 10    God:
Gold:   10         SH:  0    Dex: 13    Spells: 0/0 levels left

rFire   . . .        a - +0 hand axe
rCold   . . .        d - orb {light}
rNeg    . . .        f - +0 robe
rPois   .            (no helmet)
rElec   .            (no cloak)
rCorr   .            (no gloves)
SInv    .            (no boots)
Will    .....        (no amulet)
Stlth   +            (no ring)
HPRegen 0.23/turn    (no ring)
MPRegen 0.07/turn

%: no passive effects
@: glowing
A: no striking features
a: no special abilities


You were on level 1 of the Dungeon.
You visited 1 branch of the dungeon, and saw 1 of its levels.

You collected 10 gold pieces.

Inventory:

Hand Weapons
 a - a +0 hand axe (weapon)
 b - a +0 sling
Missiles
 h - 6 curare-tipped darts
Armour
 d - an orb of light (worn)
 f - a +0 robe (worn)
Scrolls
 e - a scroll of blinking {unknown}
 g - a scroll of enchant weapon {unknown}
 i - a scroll of revelation {unknown}
Potions
 c - a potion of ambrosia


   Skills:
 - Level 3.6 Fighting
 + Level 4.4 Axes
 - Level 2.4 Dodging


You couldn't memorise any spells.
You didn't know any spells.
Your spell library was empty.

Dungeon Overview and Level Annotations

Branches:
Dungeon (1/15)

Altars:


Message History

Ran out of altars for temple!
Welcome, GloriousHammer the Hill Orc Monk.
The Orb of Zot is coveted for many reasons.
Will you seize it for your own?
Press ? for a list of commands and other information.
Found a scroll labelled OTHROS WIWKA and a sling.
Found a staircase leading out of the dungeon.
e - a scroll labelled OTHROS WIWKA
There is a staircase leading out of the dungeon here.
You see here a +0 sling.
f - a +0 sling Adjust (i)tems, (s)pells, or (a)bilities?
f - a +0 sling Adjust to which letter? (? for menu, Esc to quit)
b - a +0 sling;
f - a +0 robe (worn)
You open the door.
There is an open door here.
Found a gold piece.
You now have 1 gold piece.
An endoplasm comes into view.
An endoplasm is nearby!
You hit the endoplasm.
The endoplasm is heavily wounded.
The endoplasm hits you.
You hit the endoplasm.
The endoplasm is almost dead.
The endoplasm barely misses you.
You hit the endoplasm.
You kill the endoplasm!
b - a +0 sling (weapon)
HP restored.
A hobgoblin comes into view.
The hobgoblin shouts!
You shoot a sling bullet.
The sling bullet barely misses the hobgoblin.
You shoot a sling bullet.
The sling bullet barely misses the hobgoblin.
You shoot a sling bullet. The sling bullet hits the hobgoblin.
You kill the hobgoblin!
a - a +0 hand axe (weapon)
b - a +0 sling (weapon)
Found 2 stones.
Found 6 curare-tipped darts.
g - a scroll labelled TUUJYI ZUCABU You see here 6 curare-tipped darts.
h - 6 curare-tipped darts
i - a scroll labelled VOFUUSTUL You now have 10 gold pieces (gained 9).
A kobold comes into view. It is wielding a +0 club.
The kobold shouts!
You shoot a sling bullet.
The sling bullet closely misses the kobold.
An endoplasm comes into view.
You shoot a sling bullet.
The sling bullet closely misses the kobold.
The endoplasm quivers.
You shoot a sling bullet.
The sling bullet barely misses the kobold.
A hobgoblin comes into view.
You shoot a sling bullet. The hobgoblin shouts!
The sling bullet hits the kobold.
The kobold is heavily wounded.
You shoot a sling bullet. The sling bullet hits the kobold.
You kill the kobold!
You shoot a sling bullet.
The sling bullet hits the endoplasm but does no damage.
The endoplasm hits you.
You shoot a sling bullet.
The sling bullet hits the endoplasm but does no damage.
The endoplasm barely misses you.
You shoot a sling bullet.
The sling bullet completely misses the endoplasm.
The sling bullet hits the hobgoblin.
The hobgoblin is heavily wounded.
The endoplasm freezes you.
You are frozen.
The hobgoblin hits you.
The endoplasm hits you but does no damage.
You shoot a sling bullet.
The sling bullet hits the hobgoblin but does no damage.
The hobgoblin is heavily wounded.
The endoplasm barely misses you. The hobgoblin barely misses you.
a - a +0 hand axe (weapon)
The endoplasm freezes you.
You are frozen.
The hobgoblin hits you.
You barely miss the hobgoblin.
The hobgoblin is heavily wounded.
You hit the endoplasm. The endoplasm freezes you.
You are frozen.
* * * LOW HITPOINT WARNING * * *
The hobgoblin barely misses you.
You hit the hobgoblin.
You kill the hobgoblin!
You hit the endoplasm. The endoplasm freezes you.
You are frozen.
You die...

...............................
######.###########..##########
#.......########.......#
#.......#...........##.#
#.......#...........#
.#####.......#...........#
.............#...........#
######.......#...........#
#.......#..@........#
#.......#..J........#
#.#.....(...........+
#.#######...........# #.#
#...........# #.# #...........#
#.# #.......... #.# #..........
#.#


You could see an endoplasm.

Vanquished Creatures
  An endoplasm (D:1)
  2 hobgoblins (D:1)
  A kobold (D:1)
4 creatures vanquished.

Notes
Turn   | Place    | Note
-------+----------+-------------------------------------------
     0 | D:1      | GloriousHammer the Hill Orc Monk began the quest for the
                  | Orb.
     0 | D:1      | Reached XP level 1. HP: 19/19 MP: 1/1
   132 | D:1      | Frozen to death by an endoplasm

Illustrated notes

Levels and vault maps discovered:
D:1:      dpeg_arrival_rooms_c, layout_basic

Action                     || total
---------------------------++-------
  Melee: Hand axe          ||     5
   Fire: Sling             ||    12
 Armour: Robe              ||     5
  Dodge: Dodged            ||     5

Table legend: (Time is in decaauts)
 A = Elapsed time spent in this place.
 B = Non-inter-level travel time spent in this place.
 C = Inter-level travel time spent in this place.
 D = Time resting spent in this place.
 E = Time spent auto-exploring this place.
 F = Levels seen in this place.
 G = Mean time per level.
                   A        B        C        D        E       F      G
               +--------+--------+--------+--------+--------+-----+--------+
         Total |    135 |    135 |      0 |      0 |     74 |   1 |  135.0 |
       Dungeon |    135 |    135 |      0 |      0 |     74 |   1 |  135.0 |
               +--------+--------+--------+--------+--------+-----+--------+

Top non-repeatable levels by time:
     D:1: 135 daAuts
